[ PARTIDA AOE2 · #479810607 ]
UnrankedMalíes vs Teutons
[ ANÁLISIS DE REPETICIÓN · EXTRAÍDO DE LA PARTIDA GRABADA ]
Feudal
—
Castillos
—
Imperial
—
| APM promedio | 3.2 |
| APM pico | 17 |
| eAPM promedio | 3.0 |
| Aldeanos / militares | 58 / 7 |
Foco
⚔️ 7.6% · 🌾 92.4%
Gbeto ×5 · Mangonel ×2
Feudal
—
Castillos
—
Imperial
—
| APM promedio | 11.7 |
| APM pico | 30 |
| eAPM promedio | 8.1 |
| Aldeanos / militares | 63 / 96 |
Foco
⚔️ 36.2% · 🌾 63.8%
Teutonic Knight ×83 · Petard ×7 · Battering Ram ×6
Feudal
—
Castillos
—
Imperial
—
| APM promedio | 9.7 |
| APM pico | 27 |
| eAPM promedio | 5.6 |
| Aldeanos / militares | 72 / 96 |
Foco
⚔️ 18.2% · 🌾 81.8%
Hand Cannoneer ×55 · Scout Cavalry ×32 · Bombard Cannon ×9
Feudal
—
Castillos
—
Imperial
—
| APM promedio | 28.8 |
| APM pico | 141 |
| eAPM promedio | 26.6 |
| Aldeanos / militares | 113 / 67 |
Foco
⚔️ 8.1% · 🌾 91.9%
Camel Scout ×42 · Battering Ram ×17 · Cavalry Archer ×8
Feudal
—
Castillos
—
Imperial
—
| APM promedio | 14.9 |
| APM pico | 51 |
| eAPM promedio | 12.8 |
| Aldeanos / militares | 189 / 266 |
Foco
⚔️ 25.3% · 🌾 74.7%
Steppe Lancer ×253 · Fire Lancer ×9 · Trebuchet (Packed) ×3 · Monk ×1
Feudal
—
Castillos
—
Imperial
—
| APM promedio | 11.2 |
| APM pico | 48 |
| eAPM promedio | 7.3 |
| Aldeanos / militares | 112 / 117 |
Foco
⚔️ 20.4% · 🌾 79.6%
Hand Cannoneer ×51 · Camel Scout ×30 · Ghulam ×29 · Trebuchet (Packed) ×4 · Armored Elephant ×2 · Mangonel ×1
Feudal
—
Castillos
—
Imperial
—
| APM promedio | 23.3 |
| APM pico | 51 |
| eAPM promedio | 12.3 |
| Aldeanos / militares | 165 / 213 |
Foco
⚔️ 26.9% · 🌾 73.1%
Scout Cavalry ×129 · Camel Scout ×35 · Camel Archer ×32 · Knight ×6 · Battering Ram ×6 · Monk ×5
Feudal
—
Castillos
—
Imperial
—
| APM promedio | 16.2 |
| APM pico | 87 |
| eAPM promedio | 8.2 |
| Aldeanos / militares | 137 / 40 |
Foco
⚔️ 17.3% · 🌾 82.7%
Spearman ×40
Mapa de la partida
Recursos iniciales + cada clic de construcción. Líneas = muros · curvas = relieve. ◆ oro · ⬟ piedra · ● bayas · ✦ reliquia · ◌ hueco del cierre
Tu base· ✓ Cerrada en 19:21 · 0t muro · 2 puerta(s)
Base de brentongiliam907· ✓ Cerrada en 14:15 · 0t muro · 3 puerta(s)
Base de OGTxANGELESS· ✓ Cerrada en 13:59 · 0t muro · 3 puerta(s)
Base de Dinyo9507· ✓ Cerrada en 14:35 · 0t muro · 2 puerta(s)
Base de House of Bebu· ✓ Cerrada en 12:39 · 0t muro · 2 puerta(s)
Base de Fierro6438· ✓ Cerrada en 15:01 · 0t muro · 2 puerta(s)
Base de xrw· ✓ Cerrada en 12:12 · 0t muro · 3 puerta(s)
Base de 小迟爱吃· ✓ Cerrada en 13:59 · 0t muro · 3 puerta(s)
Terreno inicial suavizado · ◌ = hueco del cierre detectado · pasá el cursor para detalles
Inputs por minuto
— OGTierraOz - - brentongiliam907
Build order — OGTierraOz
121 acciones detectadas en el replay
| 0:06 | Crear | Villager (Male) |
| 0:06 | Crear | Villager (Male) |
| 0:06 | Crear | Villager (Male) |
| 0:07 | Crear | Villager (Male) |
| 0:07 | Crear | Villager (Male) |
| 0:10 | Construir | House |
| 0:10 | Construir | House |
| 0:11 | Construir | House |
| 0:12 | Construir | House |
| 0:13 | Construir | House |
| 1:43 | Crear | Villager (Male) |
| 2:16 | Crear | Villager (Male) |
| 2:47 | Crear | Villager (Male) |
| 2:48 | Crear | Villager (Male) |
| 3:38 | Crear | Villager (Male) |
| 3:48 | Construir | Mill |
| 3:53 | Crear | Villager (Male) |
| 4:10 | Crear | Villager (Male) |
| 4:34 | Crear | Villager (Male) |
| 4:53 | Crear | Villager (Male) |
| 5:16 | Crear | Villager (Male) |
| 5:53 | Crear | Villager (Male) |
| 5:53 | Crear | Villager (Male) |
| 6:47 | Crear | Villager (Male) |
| 6:49 | Crear | Villager (Male) |
| 6:51 | Crear | Villager (Male) |
| 6:55 | Crear | Villager (Male) |
| 6:55 | Crear | Villager (Male) |
| 7:28 | Construir | Lumber Camp |
| 7:40 | Construir | Mining Camp |
| 8:48 | Crear | Villager (Male) |
| 9:18 | Construir | House |
| 9:26 | Construir | Mining Camp |
| 9:38 | Crear | Villager (Male) |
| 10:42 | Investigar | Feudal Age |
| 12:00 | Crear | Villager (Male) |
| 12:00 | Crear | Villager (Male) |
| 12:01 | Crear | Villager (Male) |
| 12:27 | Construir | Mill |
| 12:31 | Crear | Villager (Male) |
| 15:05 | Construir | Farm |
| 15:07 | Construir | Farm |
| 15:11 | Construir | Farm |
| 15:14 | Construir | Farm |
| 15:18 | Construir | Farm |
| 15:19 | Construir | Farm |
| 15:21 | Crear | Villager (Male) |
| 15:22 | Crear | Villager (Male) |
| 15:22 | Crear | Villager (Male) |
| 15:29 | Investigar | Double-Bit Axe |
| 15:38 | Investigar | Horse Collar |
| 17:18 | Construir | Farm |
| 17:19 | Construir | Farm |
| 17:19 | Construir | Farm |
| 17:20 | Construir | Farm |
| 17:21 | Construir | Farm |
| 17:22 | Construir | Farm |
| 17:22 | Construir | Farm |
| 17:23 | Construir | Farm |
| 17:26 | Crear | Villager (Male) |
| 17:27 | Crear | Villager (Male) |
| 17:39 | Construir | Market |
| 17:42 | Construir | Blacksmith |
| 17:59 | Construir | House |
| 18:04 | Crear | Villager (Male) |
| 19:21 | Investigar | Castle Age |
| 19:38 | Investigar | Gold Mining |
| 20:38 | Crear | Villager (Male) |
| 20:38 | Crear | Villager (Male) |
| 20:39 | Crear | Villager (Male) |
| 20:39 | Crear | Villager (Male) |
| 22:36 | Construir | Town Center |
| 22:47 | Investigar | Bow Saw |
| 22:53 | Investigar | Heavy Plow |
| 22:57 | Investigar | Stone Mining |
| 23:09 | Construir | Castle |
| 23:15 | Construir | Town Center |
| 23:23 | Construir | Town Center |
| 23:29 | Construir | House |
| 24:59 | Crear | Villager (Male) |
| 24:59 | Crear | Villager (Male) |
| 25:02 | Crear | Villager (Male) |
| 25:02 | Crear | Villager (Male) |
| 27:44 | Construir | Farm |
| 27:45 | Construir | Farm |
| 27:46 | Construir | Farm |
| 27:46 | Construir | Farm |
| 27:49 | Crear | Villager (Male) |
| 27:49 | Crear | Villager (Male) |
| 27:53 | Construir | Farm |
| 27:54 | Construir | Farm |
| 27:55 | Construir | Farm |
| 27:58 | Crear | Villager (Male) |
| 27:58 | Crear | Villager (Male) |
| 27:58 | Crear | Villager (Male) |
| 28:06 | Crear | Villager (Male) |
| 28:07 | Crear | Villager (Male) |
| 29:06 | Crear | Gbeto |
| 29:06 | Crear | Gbeto |
| 29:06 | Crear | Gbeto |
| 29:07 | Crear | Gbeto |
| 29:07 | Crear | Gbeto |
| 29:14 | Construir | Farm |
| 29:18 | Construir | Farm |
| 29:21 | Construir | Farm |
| 29:23 | Construir | Farm |
| 29:29 | Investigar | Forging |
| 29:30 | Investigar | Scale Mail Armor |
| 29:50 | Construir | Siege Workshop |
| 29:56 | Construir | Siege Workshop |
| 30:31 | Crear | Villager (Male) |
| 30:31 | Crear | Villager (Male) |
| 30:31 | Crear | Villager (Male) |
| 30:31 | Crear | Villager (Male) |
| 30:31 | Crear | Villager (Male) |
| 30:31 | Crear | Villager (Male) |
| 30:31 | Crear | Villager (Male) |
| 30:31 | Crear | Villager (Male) |
| 30:31 | Crear | Villager (Male) |
| 32:15 | Crear | Mangonel |
| 32:16 | Crear | Mangonel |
Build order — brentongiliam907
Primeras 150 de 228 acciones detectadas
| 0:04 | Construir | House |
| 0:07 | Construir | House |
| 0:11 | Construir | House |
| 0:12 | Crear | Villager (Male) |
| 0:13 | Crear | Villager (Male) |
| 0:13 | Crear | Villager (Male) |
| 0:14 | Crear | Villager (Male) |
| 0:31 | Construir | House |
| 1:45 | Crear | Villager (Male) |
| 2:17 | Crear | Villager (Male) |
| 2:34 | Crear | Villager (Male) |
| 3:02 | Crear | Villager (Male) |
| 3:13 | Crear | Villager (Male) |
| 3:32 | Crear | Villager (Male) |
| 3:41 | Construir | Mill |
| 4:05 | Crear | Villager (Male) |
| 4:37 | Crear | Villager (Male) |
| 4:37 | Crear | Villager (Male) |
| 5:09 | Crear | Villager (Male) |
| 5:10 | Crear | Villager (Male) |
| 6:11 | Crear | Villager (Male) |
| 6:11 | Crear | Villager (Male) |
| 6:43 | Crear | Villager (Male) |
| 6:43 | Crear | Villager (Male) |
| 7:19 | Crear | Villager (Male) |
| 7:19 | Crear | Villager (Male) |
| 7:47 | Construir | Lumber Camp |
| 7:56 | Crear | Villager (Male) |
| 8:57 | Investigar | Feudal Age |
| 9:11 | Construir | Mill |
| 10:08 | Investigar | Loom |
| 10:09 | Crear | Villager (Male) |
| 10:09 | Crear | Villager (Male) |
| 10:09 | Crear | Villager (Male) |
| 10:10 | Crear | Villager (Male) |
| 11:14 | Construir | Market |
| 11:22 | Construir | Blacksmith |
| 11:43 | Construir | House |
| 11:48 | Investigar | Wheelbarrow |
| 11:49 | Crear | Villager (Male) |
| 12:11 | Construir | Farm |
| 12:12 | Construir | Farm |
| 12:12 | Construir | Farm |
| 12:12 | Construir | Farm |
| 13:21 | Construir | Mining Camp |
| 13:39 | Crear | Villager (Male) |
| 13:50 | Construir | House |
| 14:15 | Investigar | Castle Age |
| 14:23 | Construir | Mining Camp |
| 14:46 | Construir | Mining Camp |
| 15:11 | Investigar | Stone Mining |
| 16:47 | Crear | Villager (Male) |
| 16:47 | Crear | Villager (Male) |
| 16:47 | Crear | Villager (Male) |
| 17:00 | Construir | Farm |
| 17:07 | Construir | Farm |
| 17:10 | Construir | Farm |
| 17:16 | Construir | Farm |
| 17:18 | Construir | Farm |
| 17:54 | Construir | Castle |
| 18:00 | Construir | Mining Camp |
| 18:13 | Crear | Villager (Male) |
| 18:13 | Crear | Villager (Male) |
| 18:13 | Crear | Villager (Male) |
| 18:50 | Construir | Farm |
| 19:24 | Crear | Petard |
| 19:24 | Crear | Petard |
| 19:37 | Crear | Villager (Male) |
| 19:37 | Crear | Villager (Male) |
| 19:37 | Crear | Villager (Male) |
| 19:51 | Construir | Mining Camp |
| 20:06 | Crear | Teutonic Knight |
| 20:06 | Crear | Teutonic Knight |
| 20:32 | Crear | Teutonic Knight |
| 20:32 | Crear | Teutonic Knight |
| 20:53 | Crear | Villager (Male) |
| 20:53 | Crear | Villager (Male) |
| 21:28 | Crear | Teutonic Knight |
| 21:28 | Crear | Teutonic Knight |
| 21:31 | Crear | Villager (Male) |
| 21:31 | Crear | Villager (Male) |
| 22:00 | Crear | Teutonic Knight |
| 22:01 | Crear | Teutonic Knight |
| 22:06 | Crear | Villager (Male) |
| 22:27 | Construir | Castle |
| 22:41 | Crear | Teutonic Knight |
| 22:41 | Crear | Teutonic Knight |
| 22:52 | Crear | Villager (Male) |
| 22:53 | Crear | Villager (Male) |
| 22:53 | Crear | Villager (Male) |
| 23:04 | Construir | Mining Camp |
| 23:14 | Crear | Villager (Male) |
| 23:32 | Crear | Petard |
| 23:43 | Crear | Villager (Male) |
| 24:04 | Investigar | Double-Bit Axe |
| 24:07 | Crear | Villager (Male) |
| 24:25 | Crear | Villager (Male) |
| 24:25 | Crear | Villager (Male) |
| 24:43 | Investigar | Horse Collar |
| 24:51 | Construir | Farm |
| 24:52 | Construir | Farm |
| 24:52 | Construir | Farm |
| 24:52 | Construir | Farm |
| 24:52 | Construir | Farm |
| 24:53 | Construir | Farm |
| 25:53 | Crear | Teutonic Knight |
| 25:53 | Crear | Teutonic Knight |
| 26:10 | Crear | Villager (Male) |
| 26:10 | Crear | Villager (Male) |
| 26:11 | Crear | Villager (Male) |
| 26:38 | Crear | Teutonic Knight |
| 26:38 | Crear | Teutonic Knight |
| 27:25 | Construir | Castle |
| 27:44 | Construir | Siege Workshop |
| 27:51 | Crear | Teutonic Knight |
| 27:51 | Crear | Teutonic Knight |
| 27:51 | Crear | Teutonic Knight |
| 27:51 | Crear | Teutonic Knight |
| 28:01 | Crear | Villager (Male) |
| 28:01 | Crear | Villager (Male) |
| 28:30 | Crear | Battering Ram |
| 28:30 | Crear | Battering Ram |
| 28:30 | Crear | Battering Ram |
| 28:30 | Crear | Battering Ram |
| 28:51 | Construir | Lumber Camp |
| 29:16 | Crear | Villager (Male) |
| 29:17 | Crear | Villager (Male) |
| 29:17 | Crear | Villager (Male) |
| 29:17 | Crear | Villager (Male) |
| 29:17 | Crear | Villager (Male) |
| 29:17 | Crear | Villager (Male) |
| 29:18 | Crear | Villager (Male) |
| 29:18 | Crear | Villager (Male) |
| 29:41 | Crear | Battering Ram |
| 29:48 | Construir | Farm |
| 29:56 | Investigar | Fletching |
| 30:06 | Crear | Battering Ram |
| 30:26 | Crear | Petard |
| 30:26 | Crear | Petard |
| 30:51 | Investigar | Stone Shaft Mining |
| 31:23 | Investigar | Bow Saw |
| 32:45 | Crear | Teutonic Knight |
| 32:46 | Crear | Teutonic Knight |
| 32:46 | Crear | Teutonic Knight |
| 32:46 | Crear | Teutonic Knight |
| 32:46 | Crear | Teutonic Knight |
| 32:46 | Crear | Teutonic Knight |
| 33:25 | Crear | Teutonic Knight |
| 33:25 | Crear | Teutonic Knight |
| 33:25 | Crear | Teutonic Knight |
Build order — OGTxANGELESS
Primeras 150 de 195 acciones detectadas
| 0:01 | Crear | Villager (Male) |
| 0:06 | Construir | House |
| 0:11 | Construir | Lumber Camp |
| 0:19 | Construir | House |
| 0:25 | Crear | Villager (Male) ×3 |
| 1:36 | Crear | Villager (Male) |
| 2:15 | Crear | Villager (Male) |
| 2:27 | Construir | Lumber Camp |
| 2:30 | Crear | Villager (Male) |
| 3:03 | Crear | Villager (Male) |
| 3:24 | Crear | Villager (Male) |
| 3:35 | Construir | House |
| 3:37 | Construir | House |
| 3:40 | Construir | House |
| 3:53 | Crear | Villager (Male) |
| 4:18 | Crear | Villager (Male) |
| 4:47 | Construir | House |
| 5:03 | Crear | Villager (Male) |
| 5:10 | Construir | Mill |
| 5:29 | Crear | Villager (Male) |
| 5:29 | Crear | Villager (Male) |
| 6:01 | Crear | Villager (Male) |
| 6:01 | Crear | Villager (Male) |
| 6:02 | Crear | Villager (Male) |
| 7:30 | Crear | Villager (Male) |
| 7:51 | Construir | Mining Camp |
| 8:00 | Crear | Villager (Male) |
| 8:27 | Crear | Villager (Male) |
| 8:54 | Crear | Villager (Male) |
| 9:24 | Investigar | Feudal Age |
| 9:48 | Crear | Villager (Male) |
| 9:48 | Crear | Villager (Male) |
| 10:32 | Construir | Farm |
| 10:34 | Construir | Farm |
| 10:36 | Construir | Farm |
| 11:14 | Construir | Farm |
| 11:24 | Crear | Villager (Male) |
| 12:24 | Construir | House |
| 12:42 | Construir | Market |
| 12:46 | Investigar | Loom |
| 12:53 | Construir | Farm |
| 13:03 | Construir | Blacksmith |
| 13:18 | Crear | Villager (Male) |
| 13:33 | Construir | House |
| 13:35 | Construir | House |
| 13:36 | Construir | House |
| 13:47 | Crear | Villager (Male) |
| 13:57 | Construir | Farm |
| 13:59 | Investigar | Castle Age |
| 14:04 | Construir | Farm |
| 14:27 | Construir | Farm |
| 14:38 | Construir | Farm |
| 14:40 | Construir | Farm |
| 14:43 | Construir | Farm |
| 14:57 | Investigar | Double-Bit Axe |
| 15:02 | Investigar | Horse Collar |
| 15:53 | Investigar | Wheelbarrow |
| 17:11 | Construir | Town Center |
| 17:25 | Construir | Siege Workshop |
| 17:41 | Crear | Villager (Male) |
| 17:41 | Crear | Villager (Male) |
| 18:14 | Construir | University |
| 18:38 | Construir | Farm |
| 18:49 | Crear | Villager (Male) |
| 18:56 | Crear | Villager (Male) |
| 18:57 | Crear | Villager (Male) |
| 18:58 | Crear | Villager (Male) |
| 19:01 | Construir | Farm |
| 19:21 | Construir | Barracks |
| 19:30 | Construir | Farm |
| 19:40 | Crear | Villager (Male) |
| 19:40 | Crear | Villager (Male) |
| 19:50 | Construir | Farm |
| 19:58 | Construir | Farm |
| 20:02 | Crear | Villager (Male) |
| 20:02 | Crear | Villager (Male) |
| 20:14 | Construir | Archery Range |
| 20:32 | Crear | Villager (Male) |
| 20:33 | Crear | Villager (Male) |
| 20:48 | Construir | Farm |
| 20:57 | Crear | Villager (Male) |
| 20:58 | Crear | Villager (Male) |
| 21:12 | Construir | House |
| 21:13 | Construir | House |
| 21:27 | Crear | Villager (Male) |
| 21:28 | Crear | Villager (Male) |
| 21:32 | Construir | Farm |
| 21:36 | Construir | Farm |
| 21:54 | Construir | Archery Range |
| 22:03 | Construir | Farm |
| 22:05 | Crear | Villager (Male) |
| 22:06 | Crear | Villager (Male) |
| 22:34 | Construir | Farm |
| 22:36 | Investigar | Imperial Age |
| 22:48 | Crear | Villager (Male) |
| 22:48 | Crear | Villager (Male) |
| 23:06 | Construir | House |
| 23:08 | Construir | House |
| 23:09 | Construir | House |
| 23:12 | Construir | House |
| 23:22 | Crear | Villager (Male) |
| 23:22 | Crear | Villager (Male) |
| 23:33 | Investigar | Gold Mining |
| 23:47 | Crear | Villager (Male) |
| 23:53 | Investigar | Bow Saw |
| 24:11 | Crear | Villager (Male) |
| 24:58 | Crear | Villager (Male) |
| 25:11 | Construir | House |
| 25:30 | Crear | Villager (Male) |
| 25:36 | Investigar | Hand Cart |
| 25:48 | Construir | Stable |
| 25:56 | Crear | Bombard Cannon |
| 25:57 | Crear | Bombard Cannon |
| 26:02 | Crear | Hand Cannoneer ×4 |
| 26:02 | Crear | Hand Cannoneer ×4 |
| 26:08 | Crear | Villager (Male) |
| 26:08 | Crear | Villager (Male) |
| 26:49 | Crear | Hand Cannoneer |
| 26:49 | Crear | Hand Cannoneer |
| 26:57 | Crear | Villager (Male) |
| 26:58 | Crear | Villager (Male) |
| 27:10 | Construir | Stable |
| 27:18 | Crear | Villager (Male) |
| 27:18 | Crear | Villager (Male) |
| 27:19 | Crear | Villager (Male) |
| 27:33 | Crear | Bombard Cannon |
| 27:37 | Crear | Hand Cannoneer ×3 |
| 27:37 | Crear | Hand Cannoneer ×3 |
| 27:45 | Crear | Villager (Male) |
| 28:07 | Construir | Town Center |
| 28:17 | Crear | Hand Cannoneer ×4 |
| 28:24 | Crear | Scout Cavalry ×5 |
| 28:24 | Crear | Scout Cavalry |
| 28:44 | Construir | House |
| 28:45 | Construir | House |
| 28:48 | Construir | House |
| 28:49 | Construir | House |
| 29:18 | Crear | Hand Cannoneer ×5 |
| 29:18 | Crear | Hand Cannoneer ×5 |
| 29:39 | Investigar | Forging |
| 29:42 | Crear | Villager (Male) |
| 30:50 | Crear | Hand Cannoneer ×5 |
| 30:50 | Crear | Hand Cannoneer ×5 |
| 31:18 | Crear | Bombard Cannon |
| 31:26 | Crear | Villager (Male) |
| 31:27 | Crear | Villager (Male) |
| 31:27 | Crear | Villager (Male) |
| 31:28 | Crear | Villager (Male) |
| 31:28 | Crear | Villager (Male) |
| 31:28 | Crear | Villager (Male) |
Build order — Dinyo9507
Primeras 150 de 522 acciones detectadas
| 0:03 | Construir | House |
| 0:11 | Crear | Villager (Male) ×5 |
| 0:46 | Construir | House |
| 0:49 | Construir | House |
| 0:51 | Construir | House |
| 1:18 | Crear | Villager (Male) |
| 1:18 | Crear | Villager (Male) |
| 2:11 | Crear | Villager (Male) |
| 2:12 | Crear | Villager (Male) |
| 2:34 | Construir | Mill |
| 2:37 | Crear | Villager (Male) |
| 2:53 | Crear | Villager (Male) |
| 3:36 | Crear | Villager (Male) |
| 3:36 | Crear | Villager (Male) |
| 3:36 | Crear | Villager (Male) |
| 3:59 | Crear | Villager (Male) |
| 3:59 | Crear | Villager (Male) |
| 4:10 | Crear | Villager (Male) |
| 4:40 | Crear | Villager (Male) |
| 4:51 | Crear | Villager (Male) |
| 4:51 | Crear | Villager (Male) |
| 5:49 | Crear | Villager (Male) |
| 5:49 | Crear | Villager (Male) |
| 5:50 | Crear | Villager (Male) |
| 5:50 | Crear | Villager (Male) |
| 6:53 | Crear | Villager (Male) |
| 6:53 | Crear | Villager (Male) |
| 7:31 | Construir | Lumber Camp |
| 8:28 | Investigar | Loom |
| 8:31 | Crear | Villager (Male) |
| 8:31 | Crear | Villager (Male) |
| 8:31 | Crear | Villager (Male) |
| 8:31 | Crear | Villager (Male) |
| 8:32 | Crear | Villager (Male) |
| 8:37 | Investigar | Loom |
| 9:16 | Construir | Barracks |
| 9:37 | Investigar | Feudal Age |
| 10:06 | Construir | Mining Camp |
| 10:18 | Construir | House |
| 10:42 | Construir | Farm |
| 11:27 | Construir | Farm |
| 11:36 | Construir | Farm |
| 11:56 | Construir | Stable |
| 12:08 | Construir | Blacksmith |
| 12:15 | Investigar | Wheelbarrow |
| 12:15 | Crear | Villager (Male) |
| 12:15 | Crear | Villager (Male) |
| 12:16 | Crear | Villager (Male) |
| 12:16 | Crear | Villager (Male) |
| 12:30 | Construir | Farm |
| 13:03 | Construir | Farm |
| 14:00 | Construir | Farm |
| 14:35 | Investigar | Castle Age |
| 15:54 | Investigar | Double-Bit Axe |
| 16:31 | Investigar | Horse Collar |
| 17:01 | Construir | House |
| 17:12 | Construir | Town Center |
| 17:16 | Crear | Villager (Male) |
| 17:20 | Crear | Camel Scout |
| 17:50 | Crear | Villager (Male) |
| 18:16 | Crear | Camel Scout |
| 19:06 | Crear | Villager (Male) |
| 19:07 | Crear | Villager (Male) |
| 19:07 | Crear | Villager (Male) |
| 19:23 | Construir | Farm |
| 19:23 | Construir | Farm |
| 19:23 | Construir | Farm |
| 19:23 | Construir | Farm |
| 19:23 | Construir | Farm |
| 19:23 | Construir | Farm |
| 19:23 | Construir | Farm |
| 19:23 | Construir | Farm |
| 19:23 | Construir | Farm |
| 19:23 | Construir | Farm |
| 19:23 | Construir | Farm |
| 19:23 | Construir | Farm |
| 19:23 | Construir | Farm |
| 19:23 | Construir | Farm |
| 19:23 | Construir | Farm |
| 19:23 | Construir | Farm |
| 19:23 | Construir | Farm |
| 19:23 | Construir | Farm |
| 19:23 | Construir | Farm |
| 19:23 | Construir | Farm |
| 19:23 | Construir | Farm |
| 19:23 | Construir | Farm |
| 19:23 | Construir | Farm |
| 19:23 | Construir | Farm |
| 19:23 | Construir | Farm |
| 19:23 | Construir | Farm |
| 19:23 | Construir | Farm |
| 19:23 | Construir | Farm |
| 19:23 | Construir | Farm |
| 19:24 | Crear | Villager (Male) |
| 19:29 | Construir | Farm |
| 19:35 | Construir | Farm |
| 19:36 | Construir | Farm |
| 19:36 | Construir | Farm |
| 19:36 | Construir | Farm |
| 19:36 | Construir | Farm |
| 19:36 | Construir | Farm |
| 19:36 | Construir | Farm |
| 19:36 | Construir | Farm |
| 19:36 | Construir | Farm |
| 19:39 | Construir | Farm |
| 19:39 | Construir | Farm |
| 19:39 | Construir | Farm |
| 19:39 | Construir | Farm |
| 19:39 | Construir | Farm |
| 19:39 | Construir | Farm |
| 19:39 | Construir | Farm |
| 19:39 | Construir | Farm |
| 19:39 | Construir | Farm |
| 19:39 | Construir | Farm |
| 19:39 | Construir | Farm |
| 19:41 | Construir | Farm |
| 19:41 | Construir | Farm |
| 19:41 | Construir | Farm |
| 19:41 | Construir | Farm |
| 19:41 | Construir | Farm |
| 19:41 | Construir | Farm |
| 19:41 | Construir | Farm |
| 19:41 | Construir | Farm |
| 19:41 | Construir | Farm |
| 19:41 | Construir | Farm |
| 19:41 | Construir | Farm |
| 19:41 | Construir | Farm |
| 19:44 | Construir | Farm |
| 19:44 | Construir | Farm |
| 19:44 | Construir | Farm |
| 19:44 | Construir | Farm |
| 19:44 | Construir | Farm |
| 19:44 | Construir | Farm |
| 19:44 | Construir | Farm |
| 19:44 | Construir | Farm |
| 19:44 | Construir | Farm |
| 19:48 | Crear | Camel Scout |
| 19:51 | Construir | Farm |
| 19:53 | Construir | Farm |
| 19:53 | Construir | Farm |
| 19:53 | Construir | Farm |
| 20:06 | Crear | Villager (Male) |
| 20:28 | Construir | Farm |
| 20:28 | Construir | Farm |
| 20:28 | Construir | Farm |
| 21:04 | Crear | Villager (Male) |
| 21:04 | Crear | Villager (Male) |
| 21:06 | Crear | Villager (Male) |
| 21:07 | Crear | Villager (Male) |
| 21:26 | Construir | Farm |
Build order — House of Bebu
Primeras 150 de 434 acciones detectadas
| 0:03 | Construir | House |
| 0:06 | Construir | House |
| 0:10 | Crear | Villager (Male) |
| 0:10 | Crear | Villager (Male) |
| 0:10 | Crear | Villager (Male) |
| 0:10 | Crear | Villager (Male) |
| 0:11 | Crear | Villager (Male) |
| 1:43 | Crear | Villager (Male) |
| 1:43 | Crear | Villager (Male) |
| 1:43 | Crear | Villager (Male) |
| 2:13 | Crear | Villager (Male) |
| 2:13 | Crear | Villager (Male) |
| 2:14 | Crear | Villager (Male) |
| 2:16 | Crear | Villager (Male) |
| 2:16 | Crear | Villager (Male) |
| 2:28 | Construir | Lumber Camp |
| 2:48 | Crear | Villager (Male) |
| 2:48 | Crear | Villager (Male) |
| 3:14 | Crear | Villager (Male) |
| 3:15 | Crear | Villager (Male) |
| 3:39 | Crear | Villager (Male) |
| 3:39 | Crear | Villager (Male) |
| 4:03 | Construir | House |
| 4:07 | Construir | House |
| 4:09 | Construir | House |
| 4:17 | Construir | House |
| 4:20 | Construir | House |
| 4:25 | Crear | Villager (Male) |
| 4:25 | Crear | Villager (Male) |
| 4:26 | Crear | Villager (Male) |
| 4:26 | Crear | Villager (Male) |
| 4:26 | Crear | Villager (Male) |
| 5:24 | Construir | Mill |
| 5:27 | Crear | Villager (Male) |
| 5:27 | Crear | Villager (Male) |
| 5:27 | Crear | Villager (Male) |
| 5:28 | Crear | Villager (Male) |
| 6:09 | Construir | Mill |
| 6:14 | Crear | Villager (Male) |
| 6:15 | Crear | Villager (Male) |
| 6:15 | Crear | Villager (Male) |
| 6:37 | Crear | Villager (Male) |
| 6:38 | Crear | Villager (Male) |
| 6:38 | Crear | Villager (Male) |
| 7:56 | Crear | Villager (Male) |
| 7:56 | Crear | Villager (Male) |
| 8:15 | Crear | Villager (Male) |
| 8:16 | Crear | Villager (Male) |
| 8:38 | Crear | Villager (Male) |
| 8:39 | Crear | Villager (Male) |
| 8:39 | Crear | Villager (Male) |
| 9:10 | Investigar | Feudal Age |
| 10:57 | Construir | Mining Camp |
| 11:12 | Crear | Villager (Male) |
| 11:12 | Crear | Villager (Male) |
| 11:12 | Crear | Villager (Male) |
| 11:25 | Construir | Market |
| 11:32 | Construir | Blacksmith |
| 12:39 | Investigar | Castle Age |
| 12:59 | Crear | Villager (Male) |
| 13:00 | Crear | Villager (Male) |
| 13:00 | Crear | Villager (Male) |
| 13:00 | Crear | Villager (Male) |
| 13:37 | Crear | Villager (Male) |
| 13:38 | Crear | Villager (Male) |
| 13:38 | Crear | Villager (Male) |
| 13:38 | Crear | Villager (Male) |
| 13:59 | Construir | Lumber Camp |
| 14:03 | Investigar | Double-Bit Axe |
| 14:16 | Construir | Mining Camp |
| 14:41 | Investigar | Horse Collar |
| 14:44 | Crear | Villager (Male) |
| 14:44 | Crear | Villager (Male) |
| 14:45 | Crear | Villager (Male) |
| 15:11 | Construir | Farm |
| 15:13 | Construir | Farm |
| 15:28 | Construir | Town Center |
| 15:40 | Construir | Town Center |
| 15:52 | Construir | Farm |
| 16:15 | Construir | Farm |
| 16:32 | Construir | Farm |
| 16:42 | Construir | Farm |
| 16:52 | Construir | Farm |
| 17:01 | Crear | Villager (Male) |
| 17:01 | Crear | Villager (Male) |
| 17:01 | Crear | Villager (Male) |
| 17:13 | Construir | Farm |
| 17:22 | Crear | Villager (Male) |
| 17:22 | Crear | Villager (Male) |
| 17:35 | Construir | Farm |
| 17:37 | Construir | Farm |
| 17:43 | Construir | Farm |
| 17:46 | Crear | Villager (Male) |
| 17:47 | Crear | Villager (Male) |
| 17:47 | Crear | Villager (Male) |
| 17:55 | Construir | Farm |
| 17:56 | Construir | Farm |
| 18:05 | Construir | Farm |
| 18:08 | Crear | Villager (Male) |
| 18:08 | Crear | Villager (Male) |
| 18:09 | Crear | Villager (Male) |
| 18:18 | Construir | Farm |
| 18:20 | Construir | Farm |
| 18:31 | Construir | Farm |
| 18:38 | Crear | Villager (Male) |
| 18:38 | Crear | Villager (Male) |
| 18:38 | Crear | Villager (Male) |
| 18:39 | Crear | Villager (Male) |
| 18:42 | Crear | Villager (Male) |
| 18:42 | Crear | Villager (Male) |
| 18:56 | Construir | Farm |
| 19:07 | Construir | Farm |
| 19:09 | Construir | Farm |
| 19:24 | Crear | Villager (Male) ×4 |
| 19:24 | Crear | Villager (Male) ×4 |
| 19:24 | Crear | Villager (Male) ×4 |
| 19:42 | Construir | Barracks |
| 19:49 | Crear | Villager (Male) |
| 19:50 | Crear | Villager (Male) |
| 19:50 | Crear | Villager (Male) |
| 19:50 | Crear | Villager (Male) |
| 19:58 | Construir | House |
| 20:02 | Construir | House |
| 20:02 | Construir | House |
| 20:05 | Construir | House |
| 20:05 | Construir | House |
| 20:07 | Construir | House |
| 20:07 | Construir | House |
| 20:08 | Construir | House |
| 20:08 | Construir | House |
| 20:08 | Construir | House |
| 20:33 | Investigar | Bow Saw |
| 20:39 | Investigar | Heavy Plow |
| 20:57 | Crear | Villager (Male) |
| 20:57 | Crear | Villager (Male) |
| 20:57 | Crear | Villager (Male) |
| 20:58 | Crear | Villager (Male) |
| 21:00 | Crear | Villager (Male) |
| 21:00 | Crear | Villager (Male) |
| 21:01 | Crear | Villager (Male) |
| 21:25 | Construir | Town Center |
| 21:33 | Crear | Villager (Male) |
| 21:33 | Crear | Villager (Male) |
| 21:34 | Crear | Villager (Male) |
| 21:34 | Crear | Villager (Male) |
| 21:34 | Crear | Villager (Male) |
| 21:39 | Crear | Villager (Male) |
| 21:40 | Crear | Villager (Male) |
| 21:53 | Crear | Villager (Male) |
| 21:53 | Crear | Villager (Male) |
Build order — Fierro6438
Primeras 150 de 272 acciones detectadas
| 0:02 | Investigar | Loom |
| 0:02 | Crear | Villager (Male) |
| 0:02 | Crear | Villager (Male) |
| 0:02 | Crear | Villager (Male) |
| 0:03 | Crear | Villager (Male) |
| 0:05 | Construir | House |
| 0:36 | Construir | House |
| 0:39 | Construir | House |
| 0:41 | Construir | House |
| 1:26 | Crear | Villager (Male) |
| 2:18 | Crear | Villager (Male) |
| 2:19 | Crear | Villager (Male) |
| 2:47 | Construir | Lumber Camp |
| 3:14 | Crear | Villager (Male) |
| 3:33 | Crear | Villager (Male) |
| 4:13 | Crear | Villager (Male) |
| 4:13 | Crear | Villager (Male) |
| 4:49 | Crear | Villager (Male) |
| 5:00 | Crear | Villager (Male) |
| 5:43 | Crear | Villager (Male) |
| 5:43 | Crear | Villager (Male) |
| 5:44 | Crear | Villager (Male) |
| 5:44 | Crear | Villager (Male) |
| 6:26 | Crear | Villager (Male) |
| 6:27 | Crear | Villager (Male) |
| 6:32 | Construir | Mill |
| 6:59 | Crear | Villager (Male) |
| 7:18 | Crear | Villager (Male) |
| 8:07 | Construir | Mining Camp |
| 8:36 | Construir | Barracks |
| 8:47 | Investigar | Feudal Age |
| 10:12 | Construir | House |
| 10:14 | Construir | House |
| 10:16 | Construir | House |
| 10:21 | Crear | Villager (Male) |
| 10:22 | Crear | Villager (Male) |
| 10:22 | Crear | Villager (Male) |
| 10:23 | Crear | Villager (Male) |
| 10:23 | Crear | Villager (Male) |
| 10:24 | Crear | Villager (Male) |
| 11:24 | Crear | Villager (Male) |
| 11:37 | Construir | Market |
| 11:47 | Construir | Blacksmith |
| 12:17 | Construir | Mining Camp |
| 12:50 | Construir | Mill |
| 14:28 | Crear | Villager (Male) |
| 15:01 | Investigar | Castle Age |
| 15:26 | Investigar | Double-Bit Axe |
| 15:42 | Construir | Farm |
| 15:42 | Construir | Farm |
| 15:43 | Construir | Farm |
| 15:43 | Construir | Farm |
| 15:44 | Construir | Farm |
| 15:45 | Construir | Farm |
| 15:57 | Construir | Farm |
| 16:22 | Investigar | Horse Collar |
| 17:22 | Crear | Villager (Male) |
| 17:22 | Crear | Villager (Male) |
| 17:23 | Crear | Villager (Male) |
| 17:23 | Crear | Villager (Male) |
| 17:24 | Crear | Villager (Male) |
| 17:24 | Crear | Villager (Male) |
| 17:46 | Construir | Town Center |
| 18:12 | Construir | House |
| 18:13 | Construir | House |
| 18:36 | Crear | Villager (Male) |
| 18:36 | Crear | Villager (Male) |
| 19:14 | Crear | Villager (Male) |
| 19:14 | Crear | Villager (Male) |
| 19:15 | Crear | Villager (Male) |
| 19:15 | Crear | Villager (Male) |
| 19:15 | Crear | Villager (Male) |
| 19:29 | Construir | Siege Workshop |
| 19:38 | Construir | Castle |
| 20:10 | Crear | Villager (Male) |
| 20:30 | Construir | Town Center |
| 20:35 | Crear | Villager (Male) |
| 20:35 | Crear | Villager (Male) |
| 20:38 | Crear | Villager (Male) |
| 20:38 | Crear | Villager (Male) |
| 20:39 | Crear | Villager (Male) |
| 20:45 | Crear | Armored Elephant |
| 20:46 | Crear | Armored Elephant |
| 21:04 | Construir | Mining Camp |
| 21:12 | Construir | Stable |
| 21:23 | Crear | Villager (Male) |
| 21:24 | Crear | Villager (Male) |
| 21:32 | Construir | Farm |
| 21:34 | Construir | Farm |
| 21:38 | Construir | Farm |
| 21:40 | Construir | Farm |
| 21:49 | Crear | Ghulam |
| 21:49 | Crear | Ghulam |
| 21:50 | Crear | Ghulam |
| 21:50 | Crear | Ghulam |
| 21:50 | Crear | Ghulam |
| 22:14 | Crear | Villager (Male) |
| 22:26 | Crear | Ghulam |
| 22:33 | Construir | Farm |
| 22:34 | Construir | Farm |
| 22:35 | Construir | Farm |
| 22:35 | Construir | Farm |
| 22:36 | Construir | Farm |
| 22:36 | Construir | Farm |
| 22:36 | Construir | Farm |
| 22:40 | Crear | Villager (Male) |
| 22:45 | Crear | Ghulam |
| 22:45 | Crear | Ghulam |
| 23:10 | Crear | Ghulam |
| 23:10 | Crear | Ghulam |
| 23:10 | Crear | Ghulam |
| 23:32 | Crear | Ghulam |
| 24:20 | Crear | Villager (Male) |
| 24:20 | Crear | Villager (Male) |
| 24:20 | Crear | Villager (Male) |
| 24:23 | Crear | Villager (Male) |
| 24:23 | Crear | Villager (Male) |
| 24:26 | Crear | Villager (Male) |
| 24:27 | Crear | Villager (Male) |
| 24:29 | Crear | Villager (Male) |
| 24:42 | Construir | Farm |
| 24:46 | Construir | Farm |
| 24:46 | Construir | Farm |
| 24:47 | Construir | Farm |
| 24:47 | Construir | Farm |
| 24:48 | Construir | Farm |
| 25:13 | Crear | Villager (Male) |
| 25:14 | Crear | Villager (Male) |
| 25:26 | Construir | Farm |
| 25:32 | Construir | Farm |
| 25:34 | Construir | Farm |
| 25:38 | Construir | Farm |
| 25:48 | Crear | Mangonel |
| 25:54 | Crear | Ghulam |
| 25:54 | Crear | Ghulam |
| 26:02 | Crear | Villager (Male) |
| 26:03 | Crear | Villager (Male) |
| 26:03 | Crear | Villager (Male) |
| 26:04 | Crear | Villager (Male) |
| 26:05 | Crear | Villager (Male) |
| 26:05 | Crear | Villager (Male) |
| 26:07 | Crear | Villager (Male) |
| 26:07 | Crear | Villager (Male) |
| 26:08 | Crear | Villager (Male) |
| 26:43 | Crear | Ghulam |
| 26:43 | Crear | Ghulam |
| 26:43 | Crear | Ghulam |
| 26:53 | Crear | Villager (Male) |
| 26:56 | Crear | Villager (Male) |
| 26:56 | Crear | Villager (Male) |
Build order — xrw
Primeras 150 de 373 acciones detectadas
| 0:05 | Crear | Villager (Male) |
| 0:05 | Crear | Villager (Male) |
| 0:05 | Crear | Villager (Male) |
| 0:08 | Construir | House |
| 0:13 | Construir | House |
| 1:00 | Crear | Villager (Male) |
| 1:00 | Crear | Villager (Male) |
| 1:46 | Crear | Villager (Male) |
| 1:47 | Crear | Villager (Male) |
| 2:15 | Crear | Villager (Male) |
| 2:41 | Crear | Villager (Male) |
| 3:04 | Crear | Villager (Male) |
| 3:04 | Crear | Villager (Male) |
| 3:12 | Construir | Lumber Camp |
| 3:36 | Crear | Villager (Male) |
| 3:36 | Crear | Villager (Male) |
| 3:45 | Construir | House |
| 4:31 | Crear | Villager (Male) |
| 4:31 | Crear | Villager (Male) |
| 5:07 | Crear | Villager (Male) |
| 5:08 | Crear | Villager (Male) |
| 5:08 | Crear | Villager (Male) |
| 5:41 | Construir | House |
| 6:03 | Crear | Villager (Male) |
| 6:03 | Crear | Villager (Male) |
| 6:09 | Construir | Mill |
| 6:27 | Crear | Villager (Male) |
| 6:27 | Crear | Villager (Male) |
| 6:46 | Crear | Villager (Male) |
| 8:11 | Construir | Mining Camp |
| 8:28 | Investigar | Feudal Age |
| 9:00 | Construir | Farm |
| 9:13 | Construir | Farm |
| 9:56 | Crear | Villager (Male) |
| 9:56 | Crear | Villager (Male) |
| 10:47 | Construir | Market |
| 10:52 | Construir | Blacksmith |
| 11:31 | Investigar | Loom |
| 12:12 | Investigar | Castle Age |
| 12:12 | Investigar | Castle Age |
| 12:53 | Construir | Farm |
| 13:02 | Investigar | Double-Bit Axe |
| 13:03 | Investigar | Double-Bit Axe |
| 13:23 | Investigar | Horse Collar |
| 14:17 | Construir | House |
| 14:51 | Crear | Villager (Male) |
| 14:51 | Crear | Villager (Male) |
| 14:56 | Construir | Town Center |
| 15:08 | Construir | Town Center |
| 15:31 | Crear | Villager (Male) |
| 15:39 | Construir | Farm |
| 15:47 | Construir | Farm |
| 15:57 | Crear | Villager (Male) |
| 16:02 | Crear | Villager (Male) |
| 16:02 | Crear | Villager (Male) |
| 16:02 | Crear | Villager (Male) |
| 16:10 | Construir | Farm |
| 16:10 | Construir | Farm |
| 16:10 | Construir | Farm |
| 16:41 | Crear | Villager (Male) |
| 16:41 | Crear | Villager (Male) |
| 16:49 | Crear | Villager (Male) |
| 16:49 | Crear | Villager (Male) |
| 16:49 | Crear | Villager (Male) |
| 16:55 | Construir | Farm |
| 16:55 | Construir | Farm |
| 16:55 | Construir | Farm |
| 17:00 | Crear | Villager (Male) |
| 17:00 | Crear | Villager (Male) |
| 17:16 | Construir | Farm |
| 17:16 | Construir | Farm |
| 17:16 | Construir | Farm |
| 17:21 | Crear | Villager (Male) |
| 17:29 | Construir | Farm |
| 17:33 | Crear | Villager (Male) |
| 17:33 | Crear | Villager (Male) |
| 17:49 | Construir | Farm |
| 17:52 | Crear | Villager (Male) |
| 18:01 | Construir | House |
| 18:09 | Construir | House |
| 18:11 | Construir | House |
| 18:14 | Construir | House |
| 18:34 | Crear | Villager (Male) ×4 |
| 18:40 | Construir | House |
| 18:51 | Crear | Villager (Male) |
| 18:51 | Crear | Villager (Male) |
| 18:52 | Crear | Villager (Male) |
| 19:03 | Crear | Villager (Male) |
| 19:03 | Crear | Villager (Male) |
| 19:03 | Crear | Villager (Male) |
| 19:11 | Construir | Farm |
| 19:17 | Crear | Villager (Male) ×2 |
| 19:29 | Crear | Villager (Male) |
| 19:36 | Construir | Monastery |
| 19:45 | Crear | Villager (Male) ×2 |
| 19:54 | Construir | House |
| 19:54 | Construir | House |
| 20:00 | Crear | Villager (Male) |
| 20:00 | Crear | Villager (Male) |
| 20:20 | Investigar | Stone Mining |
| 20:23 | Crear | Villager (Male) |
| 20:24 | Crear | Villager (Male) |
| 20:43 | Construir | Stone Wall |
| 20:52 | Crear | Villager (Male) |
| 20:52 | Crear | Villager (Male) |
| 20:52 | Crear | Villager (Male) |
| 20:53 | Crear | Villager (Male) |
| 20:53 | Crear | Villager (Male) |
| 21:09 | Crear | Monk |
| 21:16 | Crear | Villager (Male) |
| 21:16 | Crear | Villager (Male) |
| 21:16 | Crear | Villager (Male) |
| 21:25 | Crear | Villager (Male) |
| 21:25 | Crear | Villager (Male) |
| 21:32 | Construir | Farm |
| 21:32 | Construir | Farm |
| 21:44 | Construir | Stone Wall |
| 21:55 | Crear | Villager (Male) ×4 |
| 22:06 | Crear | Villager (Male) |
| 22:06 | Crear | Villager (Male) |
| 22:06 | Crear | Villager (Male) |
| 22:23 | Construir | Farm |
| 22:24 | Construir | Farm |
| 22:24 | Construir | Farm |
| 22:24 | Construir | Farm |
| 22:37 | Crear | Monk |
| 22:43 | Construir | House |
| 22:46 | Investigar | Wheelbarrow |
| 22:58 | Construir | Castle |
| 23:37 | Construir | Castle |
| 24:21 | Crear | Villager (Male) |
| 24:21 | Crear | Villager (Male) |
| 24:21 | Crear | Villager (Male) |
| 24:22 | Crear | Villager (Male) |
| 24:22 | Crear | Villager (Male) |
| 24:22 | Crear | Villager (Male) |
| 24:22 | Crear | Villager (Male) |
| 25:00 | Investigar | Hand Cart |
| 25:15 | Crear | Camel Archer |
| 25:15 | Crear | Camel Archer |
| 25:17 | Crear | Villager (Male) |
| 25:18 | Crear | Villager (Male) |
| 25:29 | Construir | Town Center |
| 25:49 | Crear | Villager (Male) ×5 |
| 25:49 | Crear | Villager (Male) ×5 |
| 26:12 | Crear | Villager (Male) ×3 |
| 26:15 | Crear | Monk |
| 26:21 | Crear | Camel Archer |
| 26:22 | Crear | Camel Archer |
| 26:41 | Construir | Farm |
Build order — 小迟爱吃
Primeras 150 de 243 acciones detectadas
| 0:07 | Crear | Villager (Male) ×4 |
| 0:07 | Crear | Villager (Male) ×4 |
| 0:07 | Crear | Villager (Male) ×4 |
| 1:29 | Crear | Villager (Male) |
| 1:29 | Crear | Villager (Male) |
| 1:57 | Crear | Villager (Male) |
| 1:57 | Crear | Villager (Male) |
| 1:57 | Crear | Villager (Male) |
| 2:13 | Crear | Villager (Male) |
| 2:13 | Crear | Villager (Male) |
| 2:42 | Crear | Villager (Male) |
| 2:43 | Crear | Villager (Male) |
| 3:12 | Crear | Villager (Male) |
| 3:13 | Crear | Villager (Male) |
| 3:13 | Crear | Villager (Male) |
| 3:13 | Crear | Villager (Male) |
| 3:46 | Crear | Villager (Male) |
| 3:46 | Crear | Villager (Male) |
| 4:04 | Crear | Villager (Male) |
| 4:04 | Crear | Villager (Male) |
| 4:25 | Crear | Villager (Male) |
| 4:25 | Crear | Villager (Male) |
| 5:26 | Crear | Villager (Male) |
| 5:26 | Crear | Villager (Male) |
| 5:26 | Crear | Villager (Male) |
| 5:49 | Crear | Villager (Male) |
| 5:49 | Crear | Villager (Male) |
| 5:49 | Crear | Villager (Male) |
| 6:24 | Construir | Lumber Camp |
| 6:32 | Crear | Villager (Male) |
| 6:32 | Crear | Villager (Male) |
| 6:32 | Crear | Villager (Male) |
| 7:28 | Construir | Mill |
| 7:31 | Crear | Villager (Male) |
| 7:31 | Crear | Villager (Male) |
| 8:14 | Investigar | Feudal Age |
| 9:00 | Construir | Mining Camp |
| 10:28 | Construir | Market |
| 10:39 | Crear | Villager (Male) |
| 10:39 | Crear | Villager (Male) |
| 10:39 | Crear | Villager (Male) |
| 10:40 | Crear | Villager (Male) |
| 10:51 | Construir | Blacksmith |
| 11:29 | Construir | Farm |
| 11:37 | Construir | Farm |
| 11:58 | Construir | Farm |
| 12:40 | Crear | Villager (Male) |
| 12:41 | Crear | Villager (Male) |
| 12:41 | Crear | Villager (Male) |
| 12:41 | Crear | Villager (Male) |
| 12:41 | Crear | Villager (Male) |
| 12:51 | Construir | Farm |
| 12:56 | Construir | Farm |
| 13:02 | Construir | Farm |
| 13:09 | Construir | Farm |
| 13:22 | Construir | Farm |
| 13:52 | Construir | Farm |
| 13:59 | Investigar | Castle Age |
| 14:03 | Construir | Farm |
| 15:08 | Investigar | Double-Bit Axe |
| 15:11 | Investigar | Horse Collar |
| 16:46 | Construir | Town Center |
| 16:52 | Construir | Town Center |
| 17:03 | Crear | Villager (Male) |
| 17:03 | Crear | Villager (Male) |
| 17:04 | Crear | Villager (Male) |
| 17:04 | Crear | Villager (Male) |
| 17:04 | Crear | Villager (Male) |
| 17:04 | Crear | Villager (Male) |
| 17:40 | Crear | Villager (Male) |
| 17:55 | Construir | Monastery |
| 18:23 | Construir | Farm |
| 18:25 | Construir | Farm |
| 18:26 | Construir | Farm |
| 19:03 | Construir | Stone Wall |
| 19:25 | Crear | Villager (Male) |
| 19:25 | Crear | Villager (Male) |
| 19:26 | Crear | Villager (Male) |
| 19:39 | Crear | Villager (Male) |
| 20:05 | Construir | Farm |
| 20:10 | Construir | Farm |
| 20:14 | Crear | Villager (Male) |
| 20:14 | Crear | Villager (Male) |
| 20:14 | Crear | Villager (Male) |
| 20:24 | Construir | Stone Wall |
| 23:08 | Construir | Town Center |
| 23:32 | Investigar | Wheelbarrow |
| 23:37 | Investigar | Wheelbarrow |
| 24:40 | Construir | Farm |
| 24:40 | Construir | Farm |
| 24:40 | Construir | Farm |
| 24:42 | Construir | Farm |
| 24:43 | Construir | Farm |
| 24:48 | Construir | Farm |
| 24:48 | Construir | Farm |
| 24:50 | Construir | Farm |
| 24:51 | Construir | Farm |
| 24:52 | Construir | Farm |
| 24:53 | Construir | Farm |
| 24:54 | Construir | Farm |
| 25:19 | Construir | Town Center |
| 25:45 | Investigar | Hand Cart |
| 26:54 | Construir | Farm |
| 26:55 | Construir | Farm |
| 26:57 | Construir | Farm |
| 26:59 | Construir | Farm |
| 27:03 | Construir | Farm |
| 27:21 | Crear | Villager (Male) |
| 27:21 | Crear | Villager (Male) |
| 27:22 | Crear | Villager (Male) |
| 27:22 | Crear | Villager (Male) |
| 27:22 | Crear | Villager (Male) |
| 27:22 | Crear | Villager (Male) |
| 27:23 | Crear | Villager (Male) |
| 27:23 | Crear | Villager (Male) |
| 27:23 | Crear | Villager (Male) |
| 27:28 | Crear | Villager (Male) |
| 27:29 | Crear | Villager (Male) |
| 27:29 | Crear | Villager (Male) |
| 28:08 | Crear | Villager (Male) |
| 28:15 | Crear | Villager (Male) |
| 28:42 | Construir | Farm |
| 28:47 | Construir | Farm |
| 29:10 | Investigar | Bow Saw |
| 29:18 | Crear | Villager (Male) |
| 29:18 | Crear | Villager (Male) |
| 29:28 | Crear | Villager (Male) |
| 29:28 | Crear | Villager (Male) |
| 29:43 | Construir | Mill |
| 29:53 | Construir | Farm |
| 29:58 | Construir | Mill |
| 30:06 | Construir | Farm |
| 30:07 | Construir | Farm |
| 30:09 | Construir | Farm |
| 30:42 | Crear | Villager (Male) |
| 30:42 | Crear | Villager (Male) |
| 30:43 | Crear | Villager (Male) |
| 30:43 | Crear | Villager (Male) |
| 30:43 | Crear | Villager (Male) |
| 30:43 | Crear | Villager (Male) |
| 30:49 | Crear | Villager (Male) |
| 30:49 | Crear | Villager (Male) |
| 30:50 | Crear | Villager (Male) |
| 30:50 | Crear | Villager (Male) |
| 30:55 | Crear | Villager (Male) |
| 30:55 | Crear | Villager (Male) |
| 30:55 | Crear | Villager (Male) |
| 30:55 | Crear | Villager (Male) |
| 30:56 | Crear | Villager (Male) |
| 30:56 | Crear | Villager (Male) |
Cronología de la partida
| 8:36 | Fierro6438 · first_building Barracks |
| 9:16 | Dinyo9507 · first_building Barracks |
| 11:56 | Dinyo9507 · first_building Stable |
| 16:47 | xrw · first_market_buy 100 food |
| 17:25 | OGTxANGELESS · first_building Siege Workshop |
| 17:54 | brentongiliam907 · first_building Castle |
| 17:55 | 小迟爱吃 · first_building Monastery |
| 19:03 | 小迟爱吃 · wall_segment Stone Wall x7 |
| 19:21 | OGTxANGELESS · first_building Barracks |
| 19:29 | Fierro6438 · first_building Siege Workshop |
| 19:36 | xrw · first_building Monastery |
| 19:38 | Fierro6438 · first_building Castle |
| 19:42 | House of Bebu · first_building Barracks |
| 20:14 | OGTxANGELESS · first_building Archery Range |
| 20:24 | 小迟爱吃 · wall_segment Stone Wall x2 |
| 20:43 | xrw · wall_segment Stone Wall x4 |
| 21:12 | Fierro6438 · first_building Stable |
| 21:44 | xrw · wall_segment Stone Wall x4 |
| 22:58 | xrw · first_building Castle |
| 23:09 | OGTierraOz · first_building Castle |
| 25:44 | House of Bebu · first_building Stable |
| 25:48 | OGTxANGELESS · first_building Stable |
| 27:44 | brentongiliam907 · first_building Siege Workshop |
| 28:05 | House of Bebu · first_building Monastery |
| 28:18 | House of Bebu · first_building Castle |
| 28:55 | Fierro6438 · first_building Monastery |
| 29:18 | Dinyo9507 · first_building Castle |
| 29:50 | OGTierraOz · first_building Siege Workshop |
| 29:51 | Dinyo9507 · first_building Siege Workshop |
| 30:53 | xrw · first_building Barracks |
| 31:09 | brentongiliam907 · first_market_buy 100 stone |
| 31:26 | xrw · first_building Stable |
| 32:50 | Fierro6438 · first_building Archery Range |
| 32:56 | OGTierraOz · resign |
| 34:31 | House of Bebu · first_building Siege Workshop |
| 36:02 | 小迟爱吃 · first_building Barracks |
| 40:11 | Dinyo9507 · first_building Archery Range |
| 40:25 | 小迟爱吃 · first_building Stable |
| 42:35 | 小迟爱吃 · first_building Archery Range |
| 44:54 | xrw · first_building Siege Workshop |
[ ANÁLISIS IA · 1 CRÉDITO ]
¿Qué pasó realmente en esta partida?
Wolo.gg analiza cada decisión: build order, eco, micro, errores típicos por bracket. Análisis personalizado por WhatsApp o Discord en 30 segundos.
Guía civ
Malíes
Perfil
Jugador #14567483